 Dungeon Crawl Stone Soup version 0.22.1-1-ga44c0e5 (webtiles) character file.

36430 Loudmushroom the Cleaver (level 13, -1/83 HPs)
             Began as a Gargoyle Fighter on Oct 4, 2018.
             Was the Champion of Okawaru.
             Slain by a death yak (12 damage)
             ... on level 6 of the Lair of Beasts on Oct 6, 2018.
             The game lasted 02:55:03 (16251 turns).

Loudmushroom the Cleaver (Gargoyle Fighter)        Turns: 16251, Time: 02:55:04

Health: -1/83      AC: 38    Str: 23    XL:     13   Next: 90%
Magic:  15/20      EV:  9    Int: 11    God:    Okawaru [******]
Gold:   790        SH: 16    Dex:  9    Spells: 12/12 levels left

rFire    . . .     SeeInvis .   a - +4 war axe
rCold    . . .     Gourm    .   c - +2 shield
rNeg     + . .     Faith    .   T - +0 plate armour
rPois    ∞         Spirit   .   t - +2 helmet
rElec    +         Reflect  .   l - +2 cloak {+Inv}
rCorr    .         Harm     .   o - +2 pair of gloves
MR       .....                  (no boots)
Stlth    ..........             z - amulet of regeneration
HPRegen  0.63/turn              J - +1 ring of protection
MPRegen  0.17/turn              (no ring)

@: heroism, finesse
A: negative energy resistance 1, electricity resistance, unbreathing,
petrification resistance, rot immunity, AC +9
a: Heroism, Finesse, Renounce Religion, Evoke Invisibility


You were on level 6 of the Lair of Beasts.
You worshipped Okawaru.
Okawaru was exalted by your worship.
You were not hungry.

You visited 4 branches of the dungeon, and saw 18 of its levels.
You also visited: Ice Cave.

You collected 790 gold pieces.

Inventory:

Hand Weapons
 a - a +4 war axe (weapon)
 b - a +0 fustibalus
 p - a +0 blowgun
 v - the +10 flail of Defiance {venom, +Inv MR- Dex+3}
   (You found it on level 1 of the Lair of Beasts)

   It poisons the flesh of those it strikes.
   It affects your dexterity (+3).
   It affects your resistance to hostile enchantments.
   It lets you turn invisible.
 C - a +0 morningstar of crushing
 P - a +3 scimitar of flaming
 S - a +0 broad axe
 V - a +0 hand crossbow
Missiles
 h - 336 stones
 i - 5 tomahawks
 q - 29 poisoned needles
 u - 15 curare-tipped needles
 w - 82 bolts
 y - 102 sling bullets
 H - 4 javelins of returning
 U - 12 javelins (quivered)
Armour
 c - a +2 shield (worn)
 l - a +2 cloak of invisibility (worn)
 o - a +2 pair of gloves (worn)
 t - a +2 helmet (worn)
 T - a +0 plate armour (worn)
Jewellery
 z - an amulet of regeneration (around neck)
 I - an uncursed ring of flight {unknown}
 J - a +1 ring of protection (left hand)
Wands
 n - a wand of flame (49)
 A - a wand of digging (17)
 B - a wand of paralysis (22)
 D - a wand of acid (12)
 E - a wand of scattershot (17)
 L - a wand of polymorph (19)
 Q - a wand of enslavement (10)
 Z - a wand of iceblast (11)
Scrolls
 j - 8 scrolls of remove curse
 m - 5 scrolls of magic mapping
 x - 3 scrolls of identify
 G - 2 scrolls of fog
 M - a scroll of blinking
 R - 3 scrolls of enchant weapon
 Y - 3 scrolls of teleportation
Potions
 d - 3 potions of might
 g - 5 potions of curing
 k - a potion of heal wounds {unknown}
 r - 2 potions of mutation
 s - 3 potions of lignification
 F - 2 potions of flight
 K - a potion of agility {unknown}
 N - a potion of berserk rage {unknown}
 O - 2 potions of resistance
 W - a potion of ambrosia {unknown}
Miscellaneous
 e - a fan of gales
Comestibles
 f - 30 rations
 X - 7 chunks of flesh


   Skills:
 + Level 10.6(15.6) Fighting
 * Level 11.7(16.7) Axes
 + Level 10.4(15.4) Armour
 + Level 10.5(15.5) Shields
 + Level 9.5 Invocations
 + Level 8.0 Evocations


You had 12 spell levels left.
You didn't know any spells.
Your spell library contained the following spells:

 Spells                   Type           Power        Failure   Level  Hunger
 Confusing Touch          Hex            #.....       96%         1    ##.....
 Freeze                   Ice            #...         96%         1    ##.....
 Sandblast                Erth           #.....       96%         1    ##.....
 Passwall                 Tmut/Erth      #.......     99%         2    ###....
 Throw Frost              Conj/Ice       #.....       99%         2    ###....
 Confuse                  Hex            #.......     100%        3    ####...
 Gell's Gravitas          Tloc           #.........   100%        3    ####...
 Ozocubu's Armour         Chrm/Ice       #.......     100%        3    ####...
 Recall                   Summ/Tloc      N/A          100%        3    ####...
 Static Discharge         Conj/Air       #.......     100%        3    ####...
 Stone Arrow              Conj/Erth      #.....       100%        3    ####...
 Petrify                  Tmut/Erth      #.......     100%        4    #####..
 Summon Ice Beast         Ice/Summ       #.......     100%        4    #####..
 Throw Icicle             Conj/Ice       #.......     100%        4    #####..
 Aura of Abjuration       Summ           #.........   100%        5    ######.
 Lee's Rapid Deconstruct  Erth           #.........   100%        5    ######.
 Metabolic Englaciation   Hex/Ice        #.........   100%        5    ######.
 Summon Demon             Summ           #.........   100%        5    ######.
 Summon Forest            Summ/Tloc      #.........   100%        5    ######.
 Summon Mana Viper        Hex/Summ       #.......     100%        5    ######.
 Yara's Violent Unravell  Hex/Tmut       #.........   100%        5    ######.
 Bolt of Cold             Conj/Ice       #.........   100%        6    #######
 Iron Shot                Conj/Erth      #.........   100%        6    #######
 Shadow Creatures         Summ           N/A          100%        6    #######


Dungeon Overview and Level Annotations

Branches:
Dungeon (10/15)            Temple (1/1) D:4            Lair (6/6) D:8
  Swamp (0/4) Lair:4       Spider (1/4) Lair:4        Slime (0/5) Lair:5
    Orc (0/2) D:9

Altars:
Ashenzari
Dithmenos
Elyvilon
Gozag
Kikubaaqudgha
Makhleb
Nemelex Xobeh
Okawaru
Qazlal
Uskayaw
Wu Jian
Zin
Jiyva
Lugonu

Shops:
D:8 ?

Portals:
Abyss: D:1

Annotations:
Lair:2 exclusion: oklob plant


Innate Abilities, Weirdness & Mutations

You are resistant to torment.
Your stone body is resilient. (AC +9)
You are immune to poison.
You resist negative energy. (rN+)
You are resistant to electric shocks. (rElec)
You can survive without breathing.
You are immune to petrification.
You are immune to rotting.


Message History

You hit the death yak.
The death yak is heavily wounded.
You hit the death yak. You slash the death yak! You slash the death yak!
The death yak is severely wounded.
You slash the death yak! x2; You block the death yak's attack.
The death yak gores you but does no damage. x2
You hit the death yak.
The death yak is severely wounded.
You slash the death yak! x2
You slice the death yak!!
You kill the death yak!
Okawaru is honoured by your kill.
Your Evocations skill increases to level 8!
You hit the death yak but do no damage. You slash the death yak!
You see here a death yak corpse.
You barely miss the death yak.
The death yak is almost dead.
You hit the death yak but do no damage. The death yak gores you!
You die...

P...### ##........###P.. .P...#
#.#......#.##... ....######$#.
##......####PP). ...#..#.....#
##....## #PPP.. ............##
##..#####[PP.. #............#
#####....##..#P... .............#
#.........#.......
.............###..........÷.....P
...........##@...............P
.............YY#.##......#....
.........#P.....#..#...##..<..
...[..♣.......................
..♣########+++########♣....... .
##....♣# ##♣♣♣#


You could see 2 death yaks.

Vanquished Creatures
  7 hydras
  Erica (D:10)
  7 death yaks
  A queen ant (Lair:3)
  Urug (D:10)
  An unseen horror (D:10)
  6 elephants
  2 black mambas
  8 spiny frogs
  A rime drake (Lair:2)
  7 komodo dragons
  Prince Ribbit (D:7)
  3 polar bears (IceCv)
  A troll (D:9)
  6 hippogriffs
  A tyrant leech (Lair:4)
  4 dream sheep (Lair:6)
  11 blink frogs
  A spriggan (D:7)
  A wyvern (Lair:4)
  17 yaks
  Grum (D:8)
  3 swamp worms (Lair:4)
  19 soldier ants (Lair:3)
  8 water moccasins
  8 porcupines
  3 orc warriors
  3 sky beasts
  A necrophage (D:7)
  2 black bears
  3 ogres
  2 phantoms
  11 crocodiles
  5 wolves
  7 centaurs
  A big kobold (D:8)
  10 bullfrogs
  A wyvern skeleton (D:7)
  3 scorpions
  10 wights
  2 electric eels
  A crimson imp (D:5)
  A jelly (D:6)
  4 orc priests
  A quasit (D:10)
  2 centaur skeletons
  3 hounds
  8 orc wizards
  A bullfrog skeleton (D:7)
  5 iguanas
  27 worker ants
  A hound skeleton (D:6)
  3 worker ant zombies
  3 gnolls (D:3)
  13 adders
  5 shadow imps
  An adder zombie (D:5)
  2 adder skeletons
  2 worms
  3 dart slugs
  6 leopard geckos
  25 orcs
  2 giant cockroaches
  3 goblins
  3 hobgoblins
  7 jackals
  5 kobolds
  2 quokkas
  3 ball pythons
  5 bats
  3 frilled lizards
  A leopard gecko skeleton (D:4)
  A leopard gecko zombie (D:5)
  2 quokka skeletons
  4 rats
  4 fungi
  2 plants (D:8)
355 creatures vanquished.

Vanquished Creatures (others)
  2 fungi
  2 plants (D:8)
4 creatures vanquished.

Grand Total: 359 creatures vanquished

Notes
Turn   | Place    | Note
-------+----------+-------------------------------------------
     0 | D:1      | Loudmushroom the Gargoyle Fighter began the quest for the
                  | Orb.
     0 | D:1      | Reached XP level 1. HP: 14/14 MP: 1/1
   107 | D:1      | Reached skill level 2 in Axes
   159 | D:1      | Reached XP level 2. HP: 18/19 MP: 2/2
   584 | D:1      | Found a one-way gate to the infinite horrors of the Abyss.
   584 | D:1      | Found a corrupted altar of Lugonu.
   584 | D:1      | Noticed a demonic crawler
   808 | D:2      | Reached XP level 3. HP: 14/23 MP: 3/3
  1582 | D:3      | Noticed a bullfrog
  1593 | D:3      | Killed a bullfrog
  1593 | D:3      | Reached skill level 3 in Axes
  1593 | D:3      | Reached XP level 4. HP: 19/29 MP: 4/4
  1789 | D:3      | Reached XP level 5. HP: 30/33 MP: 5/5
  2648 | D:4      | Found a staircase to the Ecumenical Temple.
  2671 | D:4      | Reached XP level 6. HP: 36/38 MP: 6/6
  2689 | Temple   | Entered the Ecumenical Temple
  2703 | Temple   | Became a worshipper of Warmaster Okawaru
  2861 | D:4      | Got a shimmering whip
  2869 | D:4      | Reached skill level 4 in Axes
  3352 | D:4      | Identified the +7 whip "Uxuobe" {freeze, +Fly rN+ Int+3}
                  | (You found it on level 4 of the Dungeon)
  3384 | D:5      | Entered Level 5 of the Dungeon
  3384 | D:5      | Noticed a sky beast
  3453 | D:4      | Killed a sky beast
  3453 | D:4      | Reached skill level 1 in Invocations
  3453 | D:4      | Reached skill level 1 in Evocations
  3453 | D:4      | Reached XP level 7. HP: 31/44 MP: 7/7
  3594 | D:5      | Reached * piety under Okawaru
  3846 | D:5      | Reached skill level 5 in Fighting
  3846 | D:5      | Reached skill level 5 in Armour
  3846 | D:5      | Reached skill level 5 in Shields
  3907 | D:5      | Reached XP level 8. HP: 48/49 MP: 9/9
  3917 | D:5      | Reached skill level 5 in Axes
  4551 | D:6      | Reached ** piety under Okawaru
  4845 | D:6      | Found a shattered altar of Ashenzari.
  5282 | D:7      | Found a hide-covered altar of Uskayaw.
  5284 | D:7      | Noticed a dagger
  5284 | D:7      | Noticed a dagger
  5312 | D:7      | Noticed Prince Ribbit
  5318 | D:7      | Reached skill level 6 in Axes
  5318 | D:7      | Reached XP level 9. HP: 55/55 MP: 11/11
  5359 | D:7      | Killed Prince Ribbit
  5359 | D:7      | Reached *** piety under Okawaru
  6158 | D:8      | Identified the Collected Works on Combat Magic
  6271 | D:8      | Found Golu's Magic Scroll Shop.
  6409 | D:8      | Reached skill level 7 in Axes
  6543 | D:8      | Found a staircase to the Lair.
  6544 | D:8      | Noticed a komodo dragon
  6585 | D:8      | Killed a komodo dragon
  6748 | D:8      | Reached XP level 10. HP: 61/61 MP: 13/13
  6851 | D:8      | Noticed Grum
  6857 | D:8      | Reached **** piety under Okawaru
  6870 | D:8      | Killed Grum
  6870 | D:8      | Reached skill level 5 in Invocations
  8063 | D:9      | Found a staircase to the Orcish Mines.
  8386 | D:10     | Entered Level 10 of the Dungeon
  8411 | D:10     | Reached skill level 8 in Axes
  8556 | D:10     | Reached ***** piety under Okawaru
  8889 | D:10     | Killed an unseen horror
  9049 | D:10     | Noticed Urug
  9049 | D:10     | Noticed Erica
  9071 | D:10     | Killed Urug
  9071 | D:10     | Reached skill level 5 in Evocations
  9102 | D:10     | Killed Erica
  9102 | D:10     | Reached XP level 11. HP: 26/68 MP: 15/15
  9418 | Lair:1   | Entered Level 1 of the Lair of Beasts
  9804 | Lair:1   | Got a fine flail
  9815 | Lair:1   | Reached skill level 9 in Axes
  9856 | Lair:1   | Identified the +10 flail of Defiance {venom, +Inv MR-
                  | Dex+3} (You found it on level 1 of the Lair of Beasts)
  9867 | Lair:1   | Noticed an eight-headed hydra
  9877 | Lair:1   | Killed an eight-headed hydra
 10396 | Lair:2   | Received a gift from Okawaru
 10466 | Lair:2   | Noticed an oklob plant
 10621 | Lair:2   | Noticed a seven-headed hydra
 10632 | Lair:2   | Killed a seven-headed hydra
 11056 | Lair:2   | Reached XP level 12. HP: 75/75 MP: 17/17
 11658 | Lair:3   | Found a frozen archway.
 11667 | IceCv    | Entered an ice cave
 11828 | IceCv    | Reached skill level 10 in Axes
 12094 | Lair:3   | Reached ****** piety under Okawaru
 12210 | Lair:3   | Noticed a queen ant
 12226 | Lair:3   | Killed a queen ant
 12226 | Lair:3   | Received a gift from Okawaru
 12986 | Lair:3   | Got a bloodstained battleaxe {god gift}
 12992 | Lair:3   | Identified the +1 battleaxe of Greatest Utility {flame,
                  | *Noise Int+6} (Okawaru gifted it to you on level 3 of the
                  | Lair of Beasts)
 13034 | Lair:4   | Found a staircase to the Swamp.
 13649 | Lair:4   | Received a gift from Okawaru
 13660 | Lair:4   | Reached XP level 13. HP: 81/81 MP: 19/19
 13823 | Lair:4   | Found a hole to the Spider Nest.
 13832 | Spider:1 | Entered Level 1 of the Spider Nest
 14249 | Lair:4   | Reached skill level 11 in Axes
 14249 | Lair:4   | Reached skill level 10 in Shields
 14575 | Lair:5   | Reached skill level 10 in Fighting
 14755 | Lair:5   | Found a viscous altar of Jiyva.
 14755 | Lair:5   | Found a staircase to the Slime Pits.
 14960 | Lair:5   | Reached skill level 10 in Armour
 15560 | Lair:6   | Entered Level 6 of the Lair of Beasts
 15746 | Lair:5   | Received a gift from Okawaru
 16251 | Lair:6   | Slain by a death yak

Skill      XL: |  1  2  3  4  5  6  7  8  9 10 11 12 13 |
---------------+----------------------------------------+-----
Axes           | 2 3 4 6 7 8 9 10 11 | 11.7
Fighting       | 4 5 6 7 8 9 10 | 10.6
Armour         | 4 5 6 7 8 9 10 | 10.4
Shields        | 4 5 6 8 9 10 | 10.5
Invocations    | 1 2 3 4 6 7 8 9 |  9.5
Evocations     | 1 3 4 5 6 7 8 |  8.0

Action                   |  1- 3 |  4- 6 |  7- 9 | 10-12 | 13-15 || total
-------------------------+-------+-------+-------+-------+-------++-------
Melee: War axe           |   105 |   109 |   239 |   845 |   264 ||  1562
       Spear             |       |    57 |   424 |       |       ||   481
       Flail             |       |       |       |    13 |       ||    13
       Scimitar          |       |       |       |       |    34 ||    34
 Fire: Hunting sling     |       |     3 |     2 |     4 |       ||     9
       Fustibalus        |       |       |       |       |     2 ||     2
Invok: Heroism           |       |       |     1 |     6 |     3 ||    10
       Finesse           |       |       |       |     1 |     1 ||     2
  Use: Scroll            |       |     8 |     6 |    12 |     2 ||    28
  Eat: Chunk             |     2 |     3 |     9 |    17 |     5 ||    36
       Ration            |       |     1 |     1 |     2 |     1 ||     5
Armor: Scale mail        |    90 |       |       |       |       ||    90
       Chain mail        |     6 |   121 |   338 |       |       ||   465
       Ring mail         |       |       |    26 |    64 |       ||    90
       Plate armour      |       |       |       |   695 |   241 ||   936
Dodge: Dodged            |    54 |    37 |   144 |   232 |    78 ||   545
Block: Shield            |    96 |    77 |   314 |   581 |   242 ||  1310
       Rpst.: Scimitar   |       |       |       |       |     1 ||     1
